HS
CRETIN-DERHAM HALL HS RAIDERS @ WHITE HALL HS HOUNDS
03/16/2060
 
TOP OF THE 1ST
Cretin-Derham Hall HS Raiders batting - Pitching for White Hall HS Hounds : RHP Logan Granica
Pitching: RHP Logan Granica
Batting: SHB Damien Davis 0-0: Called Strike
0-1: Ball
1-1: Foul Ball, location: 2F
1-2: Ground out 6-3 (Groundball, 6S, EV 82.5 MPH)
Batting: LHB Sean Radel 0-0: Called Strike
0-1: Ball
1-1: Fly out, F8 (Flyball, 8LM, EV 81.2 MPH)
Batting: RHB Chase Wright 0-0: Foul Ball, location: 2F
0-1: Ball
1-1: Foul Ball, location: 2F
1-2: Foul Ball, location: 2F
1-2: Ball
2-2: Ball
3-2: Reached on error, E5 (Groundball, 56, EV 105.0 MPH)
Batting: SHB Miles Rockwood 0-0: Ball
1-0: Fly out, F6 (Popup, 4MD, EV 46.9 MPH)
Top of the 1st over - 0 runs, 0 hits, 1 error, 1 left on base; Cretin-Derham Hall HS 0 - White Hall HS 0
BOTTOM OF THE 1ST
White Hall HS Hounds batting - Pitching for Cretin-Derham Hall HS Raiders : RHP Bertrand Serna
Pitching: RHP Bertrand Serna
Batting: RHB Hayden Chappell 0-0: Ball
1-0: Called Strike
1-1: Called Strike
1-2: Ball
2-2: Foul Ball, location: 2F
2-2: Ball
3-2: SINGLE (Flyball, 8LS, EV 93.1 MPH)
Batting: LHB Denny Baker 0-0: Foul Ball, location: 2F
0-1: Ball
1-1: Ball
2-1: Swinging Strike
2-2: Ball
3-2: SINGLE (Line Drive, 4D, EV 96.9 MPH)
Hayden Chappell to second
Hayden Chappell to third
Batting: LHB Tavares Wright 0-0: Ball
1-0: Fly out, F9 (Line Drive, 9D, EV 86.2 MPH)
Runner from 3rd tags up, SCORES, no throw by RF
Batting: RHB Max Corcoran 0-0: Grounds into double play, 6-4-3 (Groundball, 6, EV 95.0 MPH)
Bottom of the 1st over - 1 run, 2 hits, 0 errors, 0 left on base; Cretin-Derham Hall HS 0 - White Hall HS 1
TOP OF THE 2ND
Cretin-Derham Hall HS Raiders batting - Pitching for White Hall HS Hounds : RHP Logan Granica
Batting: LHB E.J. Tierney 0-0: Foul Ball, location: 2F
0-1: Fly out, F8 (Flyball, 8RM, EV 81.2 MPH)
Batting: RHB Raven Nieves 0-0: Foul Ball, location: 2F
0-1: Foul Ball, location: 2F
0-2: Foul Ball, location: 2F
0-2: SINGLE (Line Drive, 3D, EV 104.4 MPH)
Batting: RHB Rick McGivney 0-0: Ball
1-0: Foul Ball, location: 2F
1-1: Foul Ball, location: 2F
1-2: Ball
2-2: Ball
Wild Pitch!
Raven Nieves to second
3-2: Fly out, F9 (Flyball, 9D, EV 75.6 MPH)
Batting: RHB Kylie Withers 0-0: Ball
1-0: Fly out, F3 (Popup, 3F, EV 76.9 MPH)
Top of the 2nd over - 0 runs, 1 hit, 0 errors, 1 left on base; Cretin-Derham Hall HS 0 - White Hall HS 1
BOTTOM OF THE 2ND
White Hall HS Hounds batting - Pitching for Cretin-Derham Hall HS Raiders : RHP Bertrand Serna
Batting: LHB Darian Scott 0-0: Called Strike
0-1: Called Strike
0-2: Ball
1-2: Strikes out swinging
Batting: RHB Wyatt Bailey 0-0: Called Strike
0-1: Ball
1-1: Ball
2-1: Foul Ball, location: 2F
2-2: Ground out 4-3 (Groundball, 34, EV 106.2 MPH)
Batting: LHB Matthew Griffith 0-0: Ball
1-0: Ball
2-0: Ground out 3-1 (Groundball, 34, EV 85.0 MPH)
Bottom of the 2nd over - 0 runs, 0 hits, 0 errors, 0 left on base; Cretin-Derham Hall HS 0 - White Hall HS 1
TOP OF THE 3RD
Cretin-Derham Hall HS Raiders batting - Pitching for White Hall HS Hounds : RHP Logan Granica
Batting: RHB Kaden Young 0-0: Foul Ball, location: 2F
0-1: Ball
1-1: Ball
2-1: Ball
3-1: Foul Ball, location: 2F
3-2: Strikes out looking
Batting: SHB Damien Davis 0-0: Ball
1-0: Ball
2-0: Foul Ball, location: 2F
2-1: Foul Ball, location: 2F
2-2: DOUBLE (Line Drive, 8LXD, EV 104.4 MPH)
Batting: LHB Sean Radel 0-0: Called Strike
Damien Davis is caught stealing 3rd base 2-5
0-1: Ball
1-1: Foul Ball, location: 2F
1-2: Foul Ball, location: 2F
1-2: Ball
2-2: Ground out 3-1 (Groundball, 34, EV 100.0 MPH)
Top of the 3rd over - 0 runs, 1 hit, 0 errors, 0 left on base; Cretin-Derham Hall HS 0 - White Hall HS 1
BOTTOM OF THE 3RD
White Hall HS Hounds batting - Pitching for Cretin-Derham Hall HS Raiders : RHP Bertrand Serna
Batting: RHB J.R. Moffatt 0-0: Called Strike
0-1: Ground out U3 (Groundball, 3, EV 88.1 MPH)
Batting: RHB Carter Linden 0-0: Swinging Strike
0-1: Swinging Strike
0-2: Strikes out swinging
Batting: RHB Hayden Chappell 0-0: Called Strike
0-1: Ground out 6-3 (Groundball, 6, EV 103.8 MPH)
Bottom of the 3rd over - 0 runs, 0 hits, 0 errors, 0 left on base; Cretin-Derham Hall HS 0 - White Hall HS 1
TOP OF THE 4TH
Cretin-Derham Hall HS Raiders batting - Pitching for White Hall HS Hounds : RHP Logan Granica
Batting: RHB Chase Wright 0-0: Ball
1-0: Called Strike
1-1: Ball
2-1: Ball
3-1: Foul Ball, location: 2F
3-2: Foul Ball, location: 2F
3-2: Strikes out swinging
Batting: SHB Miles Rockwood 0-0: Called Strike
0-1: Swinging Strike
0-2: Foul Ball, location: 2F
0-2: Foul Ball, location: 2F
0-2: Ball
1-2: Ball
2-2: Ball
3-2: Ground out 4-3 (Groundball, 4, EV 85.6 MPH)
Batting: LHB E.J. Tierney 0-0: Ball
1-0: Foul Ball, location: 2F
1-1: Swinging Strike
1-2: Foul Ball, location: 2F
1-2: Foul Ball, location: 2F
1-2: Ground out 6-3 (Groundball, 6, EV 81.2 MPH)
Top of the 4th over - 0 runs, 0 hits, 0 errors, 0 left on base; Cretin-Derham Hall HS 0 - White Hall HS 1
BOTTOM OF THE 4TH
White Hall HS Hounds batting - Pitching for Cretin-Derham Hall HS Raiders : RHP Bertrand Serna
Batting: LHB Denny Baker 0-0: Ball
1-0: Called Strike
1-1: Foul Ball, location: 2F
1-2: Foul Ball, location: 2F
1-2: SINGLE (Flyball, 6D, EV 91.2 MPH)
Batting: LHB Tavares Wright 0-0: Swinging Strike
0-1: Swinging Strike
0-2: Ball
1-2: Strikes out swinging
Batting: RHB Max Corcoran 0-0: Ball
1-0: Called Strike
1-1: Foul Ball, location: 2F
1-2: Foul Ball, location: 2F
1-2: Foul Ball, location: 2F
1-2: Ball
2-2: Ball
3-2: Base on Balls
Denny Baker to second
Batting: LHB Darian Scott 0-0: Fly out, F9 (Flyball, 9S, EV 87.5 MPH)
Batting: RHB Wyatt Bailey 0-0: Ball
1-0: Ball
2-0: Ball
3-0: Base on Balls
Denny Baker to third
Max Corcoran to second
Batting: LHB Matthew Griffith 0-0: Ball
1-0: Called Strike
1-1: Ball
2-1: Foul Ball, location: 2F
2-2: Foul Ball, location: 2F
2-2: Foul Ball, location: 2F
2-2: Strikes out swinging
Bottom of the 4th over - 0 runs, 1 hit, 0 errors, 3 left on base; Cretin-Derham Hall HS 0 - White Hall HS 1
TOP OF THE 5TH
Cretin-Derham Hall HS Raiders batting - Pitching for White Hall HS Hounds : RHP Logan Granica
Batting: RHB Raven Nieves 0-0: Called Strike
0-1: SINGLE (Line Drive, 56, EV 103.8 MPH)
Batting: RHB Rick McGivney 0-0: Sac Bunt to 13S - play at first, batter OUT! 1-3
Raven Nieves to second
Batting: RHB Kylie Withers 0-0: Foul Ball, location: 2F
0-1: Ball
1-1: Foul Ball, location: 2F
1-2: Ground out 6-3 (Groundball, 6, EV 89.4 MPH)
Pitching: RHP Mercer Cordero
Batting: RHB Kaden Young 0-0: Ball
1-0: Called Strike
1-1: Ball
2-1: SINGLE (Groundball, 34, EV 100.6 MPH)
Raven Nieves to third
Batting: SHB Damien Davis 0-0: Ball
1-0: Ball
2-0: Called Strike
2-1: Called Strike
2-2: Ball
3-2: Fly out, F8 (Flyball, 8LS, EV 95.6 MPH)
Top of the 5th over - 0 runs, 2 hits, 0 errors, 2 left on base; Cretin-Derham Hall HS 0 - White Hall HS 1
BOTTOM OF THE 5TH
White Hall HS Hounds batting - Pitching for Cretin-Derham Hall HS Raiders : RHP Bertrand Serna
Batting: RHB J.R. Moffatt 0-0: Called Strike
0-1: Fly out, F8 (Flyball, 8RD, EV 100.6 MPH)
Batting: RHB Carter Linden 0-0: Called Strike
0-1: Ball
1-1: Ball
2-1: Ball
3-1: Foul Ball, location: 2F
3-2: Strikes out swinging
Batting: RHB Hayden Chappell 0-0: Ball
1-0: Ball
2-0: Foul Ball, location: 2F
2-1: Foul Ball, location: 2F
2-2: Ground out 4-3 (Groundball, 4, EV 93.8 MPH)
Bottom of the 5th over - 0 runs, 0 hits, 0 errors, 0 left on base; Cretin-Derham Hall HS 0 - White Hall HS 1
TOP OF THE 6TH
Cretin-Derham Hall HS Raiders batting - Pitching for White Hall HS Hounds : RHP Mercer Cordero
Batting: LHB Sean Radel 0-0: Ball
1-0: Swinging Strike
1-1: Called Strike
1-2: Ball
2-2: Ground out 6-3 (Groundball, 6, EV 86.2 MPH)
Batting: RHB Chase Wright 0-0: Swinging Strike
0-1: Ball
1-1: Ball
2-1: Ball
3-1: Base on Balls
Batting: SHB Miles Rockwood 0-0: Fly out, F8 (Flyball, 8RD, EV 88.1 MPH)
Batting: LHB E.J. Tierney 0-0: Swinging Strike
0-1: Swinging Strike
0-2: Ball
Wild Pitch!
Chase Wright to second
1-2: Foul Ball, location: 2F
1-2: Foul Ball, location: 2F
1-2: Strikes out swinging
Top of the 6th over - 0 runs, 0 hits, 0 errors, 1 left on base; Cretin-Derham Hall HS 0 - White Hall HS 1
BOTTOM OF THE 6TH
White Hall HS Hounds batting - Pitching for Cretin-Derham Hall HS Raiders : RHP Bertrand Serna
Pitching: LHP C.J. Toole
Batting: LHB Denny Baker 0-0: Ball
1-0: Ball
2-0: Ball
3-0: Called Strike
3-1: Ground out 4-3 (Groundball, 4, EV 101.2 MPH)
Batting: LHB Tavares Wright 0-0: Ball
1-0: Foul Ball, location: 2F
1-1: Ball
2-1: SINGLE (Groundball, 34D, EV 100.6 MPH)
Batting: RHB Max Corcoran 0-0: Foul Ball, location: 2F
0-1: SINGLE (Groundball, 6MD, EV 98.8 MPH)
Tavares Wright to second
Batting: LHB Darian Scott 0-0: Ball
1-0: Foul Ball, location: 2F
1-1: Swinging Strike
1-2: Foul Ball, location: 2F
1-2: Ball
2-2: Foul Ball, location: 2F
2-2: Foul Ball, location: 2F
2-2: Foul Ball, location: 2F
2-2: Foul Ball, location: 2F
2-2: Ball
3-2: Fly out, F8 (Line Drive, 8LD, EV 91.9 MPH)
Batting: RHB Wyatt Bailey 0-0: Ball
1-0: Foul Ball, location: 2F
1-1: Ground out 4-3 (Groundball, 4, EV 83.8 MPH)
Bottom of the 6th over - 0 runs, 2 hits, 0 errors, 2 left on base; Cretin-Derham Hall HS 0 - White Hall HS 1
TOP OF THE 7TH
Cretin-Derham Hall HS Raiders batting - Pitching for White Hall HS Hounds : RHP Mercer Cordero
Batting: RHB Raven Nieves 0-0: Swinging Strike
0-1: Swinging Strike
0-2: Strikes out looking
Batting: RHB Rick McGivney 0-0: Ball
1-0: Foul Ball, location: 2F
1-1: Ball
2-1: DOUBLE (Line Drive, 9LM, EV 109.4 MPH)
Pinch Hitting: LHB Erik Cutter 0-0: Called Strike
0-1: Swinging Strike
0-2: Ball
1-2: Ball
2-2: Ball
3-2: Base on Balls
Batting: RHB Kaden Young 0-0: Ball
1-0: Swinging Strike
1-1: Ball
2-1: Swinging Strike
2-2: Foul Ball, location: 2F
2-2: Ball
3-2: Strikes out swinging
Pitching: RHP Graham Trahan
Batting: SHB Damien Davis 0-0: Called Strike
0-1: Ball
1-1: Ball
2-1: Foul Ball, location: 2F
2-2: Strikes out swinging
Top of the 7th over - 0 runs, 1 hit, 0 errors, 2 left on base; Cretin-Derham Hall HS 0 - White Hall HS 1
BOTTOM OF THE 7TH
White Hall HS Hounds batting - Pitching for Cretin-Derham Hall HS Raiders : LHP C.J. Toole
Now at 3B: Huck Vimaranes
Batting: LHB Matthew Griffith 0-0: Called Strike
0-1: Called Strike
0-2: SINGLE (Groundball, 4D, EV 96.9 MPH)
Batting: RHB J.R. Moffatt 0-0: Bunt missed!
0-1: Sac Bunt to 15 - play at first, batter OUT! 1-4
Matthew Griffith to second
Batting: RHB Carter Linden 0-0: Ball
1-0: 2-RUN HOME RUN (Flyball, 78XD, EV 105.6 MPH), Distance : 415 ft
Batting: RHB Hayden Chappell 0-0: Ball
1-0: Foul Ball, location: 2F
1-1: SINGLE (Groundball, 6MS, EV 69.4 MPH) (infield hit)
Batting: LHB Denny Baker 0-0: Ball
Pickoff Throw to First - Error! E1
Hayden Chappell to second
1-0: Ball
2-0: Ball
3-0: Base on Balls
Batting: LHB Tavares Wright 0-0: Ball
1-0: Ball
2-0: Ball
3-0: Called Strike
3-1: Base on Balls
Hayden Chappell to third
Denny Baker to second
Pitching: RHP Rayden Aitken
Batting: RHB Max Corcoran 0-0: Foul Ball, location: 2F
0-1: Fly out, F9 (Flyball, 9LM, EV 83.1 MPH)
Runner from 3rd tags up, SCORES, throw by RF
Batting: LHB Darian Scott 0-0: Ground out 4-3 (Groundball, 4, EV 85.6 MPH)
Bottom of the 7th over - 3 runs, 3 hits, 1 error, 2 left on base; Cretin-Derham Hall HS 0 - White Hall HS 4
TOP OF THE 8TH
Cretin-Derham Hall HS Raiders batting - Pitching for White Hall HS Hounds : RHP Graham Trahan
Batting: LHB Sean Radel 0-0: Ground out 5-3 (Groundball, 56, EV 81.2 MPH)
Batting: RHB Chase Wright 0-0: Called Strike
0-1: Foul Ball, location: 2F
0-2: Strikes out looking
Batting: SHB Miles Rockwood 0-0: Ball
1-0: Ground out 4-3 (Groundball, 4MS, EV 86.9 MPH)
Top of the 8th over - 0 runs, 0 hits, 0 errors, 0 left on base; Cretin-Derham Hall HS 0 - White Hall HS 4
BOTTOM OF THE 8TH
White Hall HS Hounds batting - Pitching for Cretin-Derham Hall HS Raiders : RHP Rayden Aitken
Batting: RHB Wyatt Bailey 0-0: Ball
1-0: Called Strike
1-1: Foul Ball, location: 2F
1-2: Strikes out looking
Batting: LHB Matthew Griffith 0-0: Called Strike
0-1: Ball
1-1: Ball
2-1: Foul Ball, location: 2F
2-2: Strikes out looking
Batting: RHB J.R. Moffatt 0-0: Called Strike
0-1: Foul Ball, location: 2F
0-2: Ground out 5-3 (Groundball, 5S, EV 76.9 MPH)
Bottom of the 8th over - 0 runs, 0 hits, 0 errors, 0 left on base; Cretin-Derham Hall HS 0 - White Hall HS 4
TOP OF THE 9TH
Cretin-Derham Hall HS Raiders batting - Pitching for White Hall HS Hounds : RHP Graham Trahan
Batting: LHB E.J. Tierney 0-0: Called Strike
0-1: Foul Ball, location: 2F
0-2: Ball
1-2: Foul Ball, location: 2F
1-2: Ball
2-2: Foul Ball, location: 2F
2-2: Foul Ball, location: 2F
2-2: Foul Ball, location: 2F
2-2: Ball
3-2: Hit by Pitch
Batting: RHB Raven Nieves 0-0: Ball
1-0: Ball
2-0: SINGLE (Line Drive, 9S, EV 91.9 MPH)
E.J. Tierney to second
Pitching: RHP Jeff Sullivan
Batting: RHB Rick McGivney 0-0: Ball
1-0: Fly out, F9 (Flyball, 9S, EV 96.2 MPH)
Pinch Hitting: RHB Ismael Steele 0-0: Ball
1-0: Ball
2-0: Foul Ball, location: 2F
2-1: Ball
3-1: Reached on error, E4 (Groundball, 4, EV 108.8 MPH)
E.J. Tierney to third
Raven Nieves to second
Pinch Hitting: RHB Mikel Okamura 0-0: Called Strike
0-1: Grounds into double play, 5-4-3 (Groundball, 5, EV 94.4 MPH)
Top of the 9th over - 0 runs, 1 hit, 1 error, 2 left on base; Cretin-Derham Hall HS 0 - White Hall HS 4
Wednesday, April 17th , 2024 - OOTP Baseball 23.10 Build 110